 Dungeon Crawl Stone Soup version 0.18.1-5-g4a78601 (webtiles) character file.

1866 kae the Cleaver (level 8, -2/68 HPs)
             Began as a Deep Dwarf Fighter on May 10, 2016.
             Killed from afar by an electric eel (9 damage)
             ... with a bolt of electricity
             ... on level 7 of the Dungeon.
             The game lasted 00:07:44 (4641 turns).

kae the Cleaver (Deep Dwarf Fighter)                Turns: 4641, Time: 00:07:45

Health: -2/68      AC: 10    Str: 21    XL:     8   Next: 90%
Magic:  8/8        EV:  7    Int:  8    God:
Gold:   410        SH: 11    Dex: 14    Spells: 0 memorised, 7 levels left

rFire  . . .     SeeInvis .     y - +1 hand axe (chop)
rCold  . . .     Gourm    .     b - +0 scale mail
rNeg   . . .     Faith    .     g - +2 shield
rPois  .         Spirit   .     j - +0 helmet
rElec  .         Dismiss  .     t - +0 cloak
rCorr  .         Reflect  .     m - +0 pair of gloves
SustAt .         Harm     .     (no boots)
MR     +....                    (no amulet)
Stlth  ..........               (no ring)
                                s - ring of flight

@: non-regenerating, somewhat resistant to hostile enchantments, extremely
unstealthy
A: damage resistance, recharge devices, sense surroundings 1, slow regeneration
3
a: Device Recharging, Evoke Flight


You were on level 7 of the Dungeon.
You were not hungry.

You visited 2 branches of the dungeon, and saw 8 of its levels.

You collected 410 gold pieces.

Inventory:

Hand Weapons
 a - a +0 war axe
 y - a +1 hand axe of chopping (weapon)
Armour
 b - a +0 scale mail (worn)
 g - a +2 shield (worn)
 j - a +0 helmet (worn)
 m - a +0 pair of gloves (worn)
 t - a +0 cloak (worn)
Jewellery
 s - a ring of flight (left hand)
 F - a cursed amulet of inaccuracy {unknown}
Wands
 c - a wand of heal wounds (2/9)
Scrolls
 e - a scroll of fog {unknown}
 i - a scroll of immolation
 k - 5 scrolls of amnesia
 o - a scroll of recharging
 x - a scroll of blinking
 z - 3 scrolls of remove curse
 A - a scroll of enchant weapon
Potions
 d - 3 potions of brilliance
 n - 2 potions of lignification
 p - a potion of flight
 q - a potion of ambrosia {unknown}
 u - a potion of cure mutation
 v - 3 potions of heal wounds {unknown}
 w - a potion of invisibility {unknown}
 B - a potion of magic {unknown}
 D - a potion of curing {unknown}
Books
 C - a book of Unlife

   Spells                             Type                      Level
   a - Recall                         Summoning/Translocation      3
   b - Animate Dead                   Necromancy                   4
   c - Control Undead                 Necromancy                   4
   d - Cigotuvi's Embrace             Necromancy                   5
   e - Death Channel                  Necromancy                   6
   f - Simulacrum                     Ice/Necromancy               6
Comestibles
 f - 6 bread rations
 h - a beef jerky
 l - 5 meat rations
 r - 2 slices of pizza
 E - 4 chunks of flesh


   Skills:
 - Level 2.6 Fighting
 + Level 12.4 Axes
 - Level 3.2 Armour
 - Level 3.2 Shields


You had 7 spell levels left.
You didn't know any spells.

Dungeon Overview and Level Annotations

Branches:
Dungeon (7/15)             Temple (1/1) D:6

Altars:
Ashenzari
Cheibriados
Dithmenos
Elyvilon
Fedhas
Gozag
Kikubaaqudgha
Okawaru
Pakellas
Qazlal
Ru
Sif Muna
Trog
Vehumet
Xom
Yredelemnul
Zin
The Shining One


Innate Abilities, Weirdness & Mutations

You are resistant to damage.
You can recharge devices by infusing magical energy.
You passively map a small area around you.
You do not regenerate naturally.


Message History

The electric eel is almost dead.
You hit the plant but do no damage.
The plant is moderately damaged.
The electric eel shoots out a bolt of lightning at you!
The bolt of electricity hits you!
* * * LOW HITPOINT WARNING * * *
The bolt of electricity misses you.
The bolt of electricity misses the electric eel.
Unknown command.
Unknown command.
Unknown command.
Your shield and scale mail prevent you from hitting the electric eel.
The electric eel is almost dead.
You hit the plant but do no damage.
The plant is moderately damaged.
The electric eel shoots out a bolt of lightning at you!
The bolt of electricity hits you!
* * * LOW HITPOINT WARNING * * *
The bolt of electricity hits you!
You die...

≈ ≈ * ≈≈ ≈ ≈ ≈≈P..#
*, ≈ ≈ ♣≈#.# , *
≈≈≈ ≈≈P#.# ≈≈≈ ≈..#
, ≈ ≈≈≈≈ ♣♣..### ,
* ≈≈≈≈≈♣♣P.... , ,
≈≈≈≈≈≈≈≈≈P#?#####..
* ≈ ≈ ≈ ♣@....$....
≈≈ ♣;#..#####..
♣≈≈≈≈≈ ≈P♣♣P#.## ,
♣≈P≈≈≈P≈≈≈≈♣#.#
♣♣≈≈≈≈≈≈≈≈P♣*#.#
.≈≈P≈≈≈♣≈≈♣♣##.# *
#.P≈≈≈≈≈≈≈♣....# *
, , ≈≈≈P♣≈≈♣#.####
* , , ♣♣≈≈≈≈♣#.# *


You could see an electric eel.

Vanquished Creatures
  Menkaure (D:7)
  2 phantoms (D:5)
  A sky beast (D:5)
  2 ice beasts
  2 ogres
  2 centaurs (D:5)
  A big kobold (D:6)
  2 giant frogs
  An electric eel (D:7)
  4 crimson imps
  A centaur zombie (D:5)
  4 hounds
  A giant frog zombie (D:7)
  2 giant frog skeletons
  6 worker ants
  Terence (D:3)
  10 adders
  A gnoll (D:1)
  An ooze (D:1)
  An adder skeleton (D:6)
  4 worms
  5 dart slugs
  A giant gecko (D:5)
  11 orcs
  A ball python (D:2)
  6 giant cockroaches
  8 goblins
  6 hobgoblins
  3 jackals (D:2)
  16 kobolds
  5 quokkas
  10 bats
  A giant newt (D:2)
  2 rats (D:1)
125 creatures vanquished.

Notes
Turn   | Place    | Note
--------------------------------------------------------------
     0 | D:1      | kae the Deep Dwarf Fighter began the quest for the Orb.
     0 | D:1      | Reached XP level 1. HP: 20/20 MP: 1/1
   124 | D:1      | Reached skill level 3 in Axes
   124 | D:1      | Reached XP level 2. HP: 27/27 MP: 2/2
   354 | D:1      | Reached XP level 3. HP: 28/33 MP: 3/3
   376 | D:1      | Reached skill level 4 in Axes
   867 | D:2      | Found a bloodstained altar of Trog.
   952 | D:2      | Reached XP level 4. HP: 13/40 MP: 4/4
  1126 | D:2      | Reached skill level 5 in Axes
  1329 | D:3      | Found a faded altar to an unknown god.
  1468 | D:3      | Noticed Terence
  1474 | D:3      | Killed Terence
  1585 | D:3      | Reached XP level 5. HP: 36/46 MP: 5/5
  1837 | D:4      | Found a white marble altar of Elyvilon.
  1846 | D:4      | Reached skill level 6 in Axes
  2093 | D:4      | Noticed an ogre
  2103 | D:4      | Killed an ogre
  2103 | D:4      | Reached skill level 7 in Axes
  2103 | D:4      | Reached XP level 6. HP: 16/55 MP: 6/6
  2565 | D:5      | Entered Level 5 of the Dungeon
  2591 | D:5      | Found a basalt altar of Yredelemnul.
  2670 | D:5      | Found a shimmering altar of Xom.
  2671 | D:5      | Noticed a sky beast
  2686 | D:5      | Reached skill level 8 in Axes
  2701 | D:5      | Killed a sky beast
  2701 | D:5      | Reached XP level 7. HP: 29/61 MP: 7/7
  2888 | D:5      | Reached skill level 9 in Axes
  2955 | D:5      | Found a shadowy altar of Dithmenos.
  3083 | D:5      | Reached skill level 10 in Axes
  3145 | D:5      | Reached XP level 8. HP: 56/68 MP: 8/8
  3505 | D:6      | Found a bloodstained altar of Trog.
  3791 | D:6      | Found a staircase to the Ecumenical Temple.
  3826 | D:6      | Reached skill level 11 in Axes
  3835 | Temple   | Entered the Ecumenical Temple
  4241 | D:6      | Found a blossoming altar of Fedhas.
  4307 | D:7      | Noticed Menkaure
  4316 | D:7      | Killed Menkaure
  4409 | D:7      | Reached skill level 12 in Axes
  4641 | D:7      | Killed from afar by an electric eel

Skill      XL: |  1  2  3  4  5  6  7  8 |
---------------+-------------------------+-----
Axes           | 3 4 5 7 8 10 12 | 12.4
Fighting       | |  2.6
Armour         | |  3.2
Shields        | |  3.2

Action                   |  1- 3 |  4- 6 |  7- 9 || total
-------------------------+-------+-------+-------++-------
Melee: War axe           |   149 |   143 |       ||   292
       Hand axe          |       |    49 |   299 ||   348
Evoke: Wand              |       |     4 |     8 ||    12
  Use: Scroll            |       |    11 |     3 ||    14
       Potion            |       |     1 |     1 ||     2
  Eat: Chunk             |       |     6 |     7 ||    13
Armor: Scale mail        |    65 |    72 |    76 ||   213
Dodge: Dodged            |    28 |    52 |    36 ||   116
Block: Shield            |   103 |   120 |   131 ||   354
